 Dungeon Crawl Stone Soup version 0.31-a0-188-g5e087ee2ca (webtiles) character file.

Game seed: 8174792097412679377

422 qw the Skirmisher (level 6, -3/37 HPs)
             Began as a Deep Elf Hunter on June 23, 2023.
             Slain by an orc
             ... wielding a +0 flail
              (5 damage)
             ... on level 3 of the Dungeon.
             The game lasted 00:00:40 (1354 turns).

qw the Skirmisher (Deep Elf Hunter)                 Turns: 1354, Time: 00:00:40

Health: -3/37      AC:  6    Str: 10    XL:     6   Next: 63%
Magic:  8/8        EV: 11    Int: 14    God:
Gold:   93         SH:  0    Dex: 18    Spells: 5/5 levels left

rFire   . . .        e - +0 shortbow (heavy)
rCold   . . .        (shield currently unavailable)
rNeg    . . .        f - +0 ring mail
rPois   .            (no helmet)
rElec   .            (no cloak)
rCorr   .            h - +0 pair of gloves
SInv    .            (no boots)
Will    .....        (no amulet)
Stlth   +            (no ring)
HPRegen 0.26/turn    (no ring)
MPRegen 0.11/turn

%: no passive effects
@: no status effects
A: no striking features
a: no special abilities


You were on level 3 of the Dungeon.
You visited 1 branch of the dungeon, and saw 3 of its levels.

You collected 93 gold pieces.


   Skills:
 - Level 3.4 Fighting
 + Level 9.3 Ranged Weapons
 - Level 2.4 Dodging
 - Level 1.2 Stealth


You had 5 spell levels left.
You didn't know any spells.
Your spell library was empty.

Inventory:

Hand Weapons
 e - a +0 heavy shortbow (weapon)
Armour
 f - a +0 ring mail (worn)
 h - a +0 pair of gloves (worn)
 k - a +0 cloak
Potions
 a - a potion of heal wounds {unknown}
 b - a potion of attraction {unknown}
 c - a potion of haste {unknown}
 d - a potion of enlightenment {unknown}
 g - a potion of lignification {unknown}
 i - a potion of cancellation {unknown}
 j - a potion of curing {unknown}

Dungeon Overview and Level Annotations

Branches:
Dungeon (3/15)

Altars:


Message History

Enter note: An orc and an orc priest come into view.
You see here 3 javelins.
Enter note: You shoot an arrow.
The arrow hits the orc!
You kill the orc!
The orc priest shouts!
You hear a shout! x2
An orc comes into view. It is wielding a +0 flail.
You shoot an arrow. The arrow hits the orc priest.
The orc priest is moderately wounded.
You hear a shout!
The orc priest closely misses you.
An orc comes into view. It is wielding a +0 hand axe.
You shoot an arrow. The arrow barely misses the orc priest.
You hear a shout!
The orc priest invokes the aid of Beogh against you.
Beogh smites you!
An orc comes into view. It is wielding a +0 hand axe.
You shoot an arrow. The arrow closely misses the orc.
You shoot an arrow. The arrow hits the orc.
The orc is moderately wounded.
The orc hits you with a +0 flail!
The orc priest calls down the wrath of Beogh upon you.
Beogh smites you! The orc closely misses you.
You shoot an arrow.
The arrow closely misses the orc priest.
The orc priest hits you but does no damage.
The orc hits you with a +0 flail.
You shoot an arrow. The arrow hits the orc priest.
The orc priest is severely wounded.
The orc priest hits you but does no damage.
The orc misses you.
A hobgoblin comes into view.
The orc priest mumbles some strange prayers to Beogh against you.
You struggle to resist.
The orc barely misses you.
You shoot an arrow. The arrow barely misses the orc priest.
The orc priest hits you but does no damage.
The orc hits you but does no damage. The orc priest closely misses you.
The orc hits you with a +0 flail.
You die...

###.#####.####..#####.#
#..................##.#
#.#.#####.####..##.##.#
..#.# #.......##.##.# .
..# #######.......#
.#### ####.#### #.#
####.# #o@..# #o#### #o
#o #g ##


You could see an orc priest, 3 orcs and a hobgoblin.

Vanquished Creatures
  Grinder (D:3)
  Sigmund (D:3)
  An adder (D:2)
  3 worms (D:2)
  2 dart slugs (D:1)
  2 orcs (D:3)
  7 ball pythons
  9 endoplasms
  2 giant cockroaches (D:1)
  5 goblins
  2 hobgoblins
  2 quokkas (D:2)
  4 bats
  A frilled lizard (D:1)
  6 kobolds
  2 rats
50 creatures vanquished.

Notes
Turn   | Place    | Note
-------+----------+-------------------------------------------
     0 | D:1      | qw the Deep Elf Hunter began the quest for the Orb.
     0 | D:1      | Reached XP level 1. HP: 12/12 MP: 3/3
     0 | D:1      | 0 ||| qw: Version: 0.3-a-9-g12657ce
     0 | D:1      | 0 ||| qw: Game counter: 3332
     0 | D:1      | 0 ||| qw: Always use a shield: true
     0 | D:1      | 0 ||| qw: God list: Okawaru
     0 | D:1      | 0 ||| qw: Allow faded altars: false
     0 | D:1      | 0 ||| qw: Do Orc after D:15 true
     0 | D:1      | 0 ||| qw: Do second Lair branch before Depths: true
     0 | D:1      | 0 ||| qw: Lair rune preference: random
     0 | D:1      | 0 ||| qw: Plans: Normal
     0 | D:1      | 0 ||| PLANNING D:1-11
    39 | D:1      | Found a faded altar of an unknown god.
    85 | D:1      | Reached XP level 2. HP: 16/16 MP: 4/4
    99 | D:1      | Reached skill level 6 in Ranged Weapons
   372 | D:1      | 372 ||| UPGRADING to +0 ring mail.
   382 | D:1      | 382 ||| DROPPING +0 leather armour.
   383 | D:1      | 383 ||| READING scroll labelled NIXERGHIETH.
   384 | D:1      | 384 ||| READING scroll labelled SOXOOC XUASAHI.
   385 | D:1      | 385 ||| DROPPING scroll of butterflies.
   387 | D:1      | 387 ||| Stepping ~*~*~tactically~*~*~ (cloud).
   390 | D:1      | HP: 4/16 [poisoned by you (poison gas)]
   394 | D:1      | HP: 1/16 [poisoned by you (poison gas)]
   523 | D:2      | Reached XP level 3. HP: 20/20 MP: 5/5
   787 | D:2      | Reached skill level 7 in Ranged Weapons
  1008 | D:2      | 1008 ||| UPGRADING to +0 pair of gloves.
  1013 | D:2      | 1013 ||| READING scroll labelled GUHIUP ZIJYIGH.
  1014 | D:2      | 1014 ||| READING scroll labelled BEITEA LOJIEN.
  1032 | D:3      | 1032 ||| STAIRDANCE
  1086 | D:3      | Reached XP level 4. HP: 25/25 MP: 6/6
  1125 | D:3      | Noticed Sigmund
  1133 | D:3      | Killed Sigmund
  1134 | D:3      | Reached skill level 9 in Ranged Weapons
  1134 | D:3      | Reached XP level 5. HP: 17/29 MP: 7/7
  1242 | D:3      | Noticed Grinder
  1249 | D:3      | Paralysed by Grinder for 5 turns
  1255 | D:3      | Killed Grinder
  1256 | D:3      | Reached skill level 3 in Fighting
  1256 | D:3      | Reached XP level 6. HP: 28/37 MP: 8/8
  1351 | D:3      | HP: 5/37 [orc priest/divine providence (13)]
  1352 | D:3      | HP: 1/37 [orc/+0 flail (5)]
  1354 | D:3      | Slain by an orc

Levels and vault maps discovered:
D:1:      nzn_arrival_depleted_hourglass, layout_rooms, basic_ecumenical_altar,
          chequers_serial_rivers_micro_c
D:2:      layout_basic
D:3:      layout_loops_cross, tso_altar, mainiacjoe_overflow_tiny_flanked,
          uniq_natasha, uniq_grinder, uniq_sigmund

Skill      XL: |  1  2  3  4  5 |
---------------+----------------+-----
Ranged Weapons | 6 7 9 |  9.3
Fighting       | 3 |  3.4
Dodging        | |  2.4
Stealth        | |  1.2

Action                     |  1- 3 |  4- 6 || total
---------------------------+-------+-------++-------
   Fire: Shortbow          |    93 |    28 ||   121
    Use: Scroll            |     4 |       ||     4
 Armour: Ring mail         |     4 |     5 ||     9
  Dodge: Dodged            |    17 |     7 ||    24

Table legend:
 A = Non-vault XP
 B = Vault XP
 C = Vault XP percentage of total XP
 D = Non-vault monster count
 E = Vault monster count
 F = Vault count percentage of total count
                 A         B        C        D         E       F
            +---------+---------+-------+---------+---------+-------
      Total |     106 |     498 |  82.5 |      48 |       2 |   4.0
            +---------+---------+-------+---------+---------+-------
        D:1 |      40 |       0 |   0.0 |      22 |       0 |   0.0
        D:2 |      46 |       0 |   0.0 |      15 |       0 |   0.0
        D:3 |      20 |     498 |  96.1 |      11 |       2 |  15.4
            +---------+---------+-------+---------+---------+-------
